 Dungeon Crawl Stone Soup version 0.27.1-3-gb3d3a73c9e (webtiles) character file.

Game seed: 12502158055119725255

5 musicismath the Sneak (level 1, -1/9 HPs)
             Began as a Spriggan Enchanter on Sept 28, 2021.
             Slain by a kobold (3 damage)
             ... on level 1 of the Dungeon on Oct 19, 2021.
             The game lasted 00:07:49 (1239 turns).

musicismath the Sneak (Spriggan Enchanter)          Turns: 1239, Time: 00:07:50

Health: -1/9       AC:  2    Str:  4    XL:     1   Next: 66%
Magic:  5/5        EV: 17    Int: 16    God:
Gold:   7          SH:  0    Dex: 15    Spells: 4/5 levels left

rFire    . . .     SeeInvis +   a - +1 dagger
rCold    . . .     Faith    .   (shield restricted)
rNeg     . . .     Spirit   .   b - +0 robe
rPois    .         Reflect  .   (helmet restricted)
rElec    .         Harm     .   (no cloak)
rCorr    .         Rampage  .   (gloves unavailable)
Will     .....                  (boots unavailable)
Stlth    +++.......             (no amulet)
HPRegen  0.03/turn              (no ring)
MPRegen  0.09/turn              (no ring)

@: very quick
A: very small, no large weapons, unfitting armour, see invisible, speed 3
a: no special abilities


You were on level 1 of the Dungeon.
You visited 1 branch of the dungeon, and saw 1 of its levels.

You collected 7 gold pieces.

Inventory:

Hand Weapons
 a - a +1 dagger (weapon)
Armour
 b - a +0 robe (worn)
 e - a +0 ring mail
Potions
 c - a potion of attraction {unknown}
 d - a potion of berserk rage {unknown}


   Skills:
 + Level 1.1 Short Blades
 + Level 2.8 Dodging
 + Level 4.9 Stealth
 + Level 2.7 Spellcasting
 + Level 3.6 Hexes


You had 4 spell levels left.
You knew the following spells:

 Your Spells              Type           Power      Damage    Failure   Level
a - Corona                Hex            14%        N/A       4%          1

Your spell library contained the following spells:

 Spells                   Type           Power      Damage    Failure   Level
 Confusing Touch          Hex            13%        N/A       13%         3
 Tukima's Dance           Hex            13%        N/A       13%         3
 Ensorcelled Hibernation  Hex/Ice        16%        N/A       14%         2
 Dazzling Flash           Conj/Hex       16%        N/A       26%         3


Dungeon Overview and Level Annotations

Branches:
Dungeon (1/15)

Altars:


Innate Abilities, Weirdness & Mutations

You are very small and have problems with some larger weapons.
You are too small for most types of armour.
You have supernaturally acute eyesight. (SInv)
You cover ground extremely quickly. (Speed+++)


Message History

Press: ? - help, v - describe, . - travel, g - get item Item here: a +0 ring mail.
The floor.
e - a +0 ring mail Unknown command.
This armour is too big for you!
A hobgoblin is nearby!
The endoplasm quivers.
You hit the endoplasm.
The endoplasm is moderately wounded.
The endoplasm freezes you.
You are frozen.
You barely miss the endoplasm.
The endoplasm is moderately wounded.
You hit the endoplasm.
The endoplasm is almost dead.
The endoplasm freezes you.
You are frozen.
* * * LOW HITPOINT WARNING * * *
You hit the endoplasm.
You kill the endoplasm!
A hobgoblin is nearby!
Annotate which branch? (. - D:1, ? - help, ! - show branch list)
Okay, then.
You start resting.
A kobold is nearby!
You start resting.
A kobold is nearby!
You start resting.
HP restored.
The kobold shouts!
The hobgoblin shouts!
You barely miss the kobold. The kobold hits you with a +0 mace.
You barely miss the kobold. The kobold misses you.
You hit the kobold but do no damage. The kobold hits you with a +0 mace.
* * * LOW HITPOINT WARNING * * *
You closely miss the kobold. The kobold closely misses you.
You hit the kobold.
The kobold is moderately wounded.
The kobold hits you with a +0 mace.
You die...

....#.##.#### #.#
.........# ######.##
.#.##.########.......#
...............####..#
##.##.#........####..#
#.##.#........##....#
##.##..........##.##.#####
#...###........##.#......#
#...###.......gK@....###.#
#..............##.....##.#
##.############ ###.#.##.#
#.######## #.#.##.#
#.......># #......#
#..#####.# ###.####
##..#####.# #.#
^......##.###########.#
.#..##.##.##..........#


You could see a hobgoblin and a kobold.

Vanquished Creatures
  An endoplasm (D:1)
  A giant cockroach (D:1)
  A kobold (D:1)
  A bat (D:1)
  A rat (D:1)
5 creatures vanquished.

Notes
Turn   | Place    | Note
-------+----------+-------------------------------------------
     0 | D:1      | musicismath the Spriggan Enchanter began the quest for the
                  | Orb.
     0 | D:1      | Reached XP level 1. HP: 9/9 MP: 5/5
   274 | D:1      | Found a faded altar of an unknown god.
   831 | D:1      | Upgraded the game from 0.27.1-2-g3b301248ec to
                  | 0.27.1-3-gb3d3a73c9e
  1239 | D:1      | Slain by a kobold

Illustrated notes

Levels and vault maps discovered:
D:1:      minmay_arrival_loop, layout_loops_cross,
          hellmonk_ecumenical_altar_slurped_away

Action                   || total
-------------------------++-------
Melee: Dagger            ||    41
 Stab: Sleeping          ||     1
Armor: Robe              ||    10
Dodge: Dodged            ||    31
